 Dungeon Crawl Stone Soup version 0.30.1-11-g7821555f0a (webtiles) character file.

Game seed: 7956865218029485558

466 booth the Chopper (level 6, -3/49 HPs)
             Began as a Demonspawn Monk on Nov 3, 2023.
             Slain by Menkaure (13 damage)
             ... on level 6 of the Dungeon.
             The game lasted 00:21:06 (3301 turns).

booth the Chopper (Demonspawn Monk)                 Turns: 3301, Time: 00:21:07

Health: -3/49      AC: 11    Str: 13    XL:     6   Next: 81%
Magic:  6/6        EV: 13    Int: 11    God:
Gold:   148        SH:  4    Dex: 18    Spells: 5/5 levels left

rFire   + . .        a - +0 hand axe
rCold   + . .        (no shield)
rNeg    . . .        f - +1 leather armour
rPois   .            (no helmet)
rElec   .            s - scarf {rC+ rF+}
rCorr   .            t - +2 pair of gloves
SInv    .            (no boots)
Will    .....        h - amulet of regeneration
Stlth   ++           (no ring)
HPRegen 1.08/turn    (no ring)
MPRegen 0.10/turn

%: no passive effects
@: hasted, very quick
A: hooves 1, thin skeletal structure 1, icemail 1, condensation shield
a: no special abilities


You were on level 6 of the Dungeon.
You visited 1 branch of the dungeon, and saw 7 of its levels.

You collected 148 gold pieces.

Inventory:

Hand Weapons
 a - a +0 hand axe (weapon)
Missiles
 n - 11 poisoned darts (quivered)
 w - 3 boomerangs of dispersal
Armour
 d - an orb of light
 f - a +1 leather armour (worn)
 s - a scarf of resistance (worn)
 t - a +2 pair of gloves (worn)
Jewellery
 h - an amulet of regeneration (around neck)
 q - a ring of ice
Wands
 j - a wand of iceblast (4)
Scrolls
 i - 2 scrolls of immolation
 l - a scroll of blinking
 o - a scroll of teleportation
 v - a scroll of poison {unknown}
 x - a scroll of noise {unknown}
Potions
 b - 4 potions of curing
 c - a potion of ambrosia
 e - a potion of might
 g - 3 potions of mutation
 p - a potion of lignification
 r - a potion of invisibility {unknown}
 u - a potion of cancellation


   Skills:
 + Level 4.5 Fighting
 * Level 5.3 Axes
 + Level 0.8 Throwing
 + Level 4.1 Dodging


You had 5 spell levels left.
You didn't know any spells.
Your spell library contained the following spells:

 Spells                   Type           Power      Damage    Failure   Level
 Ozocubu's Armour         Ice            0%         N/A       80%         3
 Ozocubu's Refrigeration  Ice            0%         4d7       100%        7


Dungeon Overview and Level Annotations

Branches:
Dungeon (7/15)
 Temple: D:4-7

Altars:
Hepliaklqana
Kikubaaqudgha
Makhleb
Okawaru
Trog
Vehumet

Shops:
D:1 [?=[   D:2 [   D:5 (

Annotations:
D:6 Menkaure


Innate Abilities, Weirdness & Mutations

You have large cloven feet.
You have a somewhat thin skeletal structure. (Dex +2, Stealth+)
A meltable icy envelope protects you from harm. (AC +4)
A meltable shield of frost defends you. (SH +4)


Message History

The ice beast convulses!
Your body is wracked with pain!
* * * LOW HITPOINT WARNING * * *
You closely miss the ice beast.
You kick the ice beast, but do no damage.
The ice beast is severely wounded.
The ice beast barely misses you. The ice beast misses you.
You barely miss the ice beast.
The ice beast is severely wounded.
The ice beast hits you but does no damage.
You feel yourself speed up.
Menkaure calls on the powers of darkness!
The ice beast convulses!
Your body is wracked with pain!
* * * LOW HITPOINT WARNING * * *
The ice beast barely misses you.
You slash the ice beast!
You kill the ice beast!
You hit Menkaure.
Menkaure is lightly damaged.
Menkaure giggles, "These cerements are ticklish..."
Menkaure hits you.
* * * LOW HITPOINT WARNING * * *
You feel much better.
You hit Menkaure.
Menkaure is heavily damaged.
Menkaure hits you!
You hit Menkaure but do no damage.
Menkaure is heavily damaged.
Menkaure hits you.
You hit Menkaure. Your kick misses Menkaure.
Menkaure is heavily damaged.
Menkaure hits you!
* * * LOW HITPOINT WARNING * * *
You barely miss Menkaure. You kick Menkaure.
Menkaure is heavily damaged.
Menkaure hits you.
* * * LOW HITPOINT WARNING * * *
You hit Menkaure but do no damage. You kick Menkaure.
Menkaure is severely damaged.
Menkaure hits you!
You die...

##### #...#
#@# ##M# #
#.(# .#####
#.###......
#........#
##.M#......
#..#.#....
#..#.#.#..
#..#.#.# #
#


You could see Menkaure (fast).

Vanquished Creatures
  An ice beast (D:6)
  A sky beast (D:4)
  A phantom (D:4)
  A howler monkey (D:4)
  A hound (D:5)
  3 iguanas
  5 adders
  A gnoll (D:5)
  A shadow imp (D:5)
  An ufetubus (D:4)
  A dart slug (D:3)
  3 orcs (D:5)
  2 bats
  6 endoplasms
  3 giant cockroaches
  8 goblins
  6 hobgoblins
  4 jackals (D:5)
  2 quokkas (D:4)
  4 ball pythons
  7 frilled lizards
  5 kobolds
  3 rats (D:1)
70 creatures vanquished.

Notes
Turn   | Place    | Note
-------+----------+-------------------------------------------
     0 | D:1      | booth the Demonspawn Monk began the quest for the Orb.
     0 | D:1      | Reached XP level 1. HP: 18/18 MP: 1/1
   181 | D:1      | Reached skill level 3 in Axes
   181 | D:1      | Gained mutation: A meltable shield of frost defends you.
                  | (SH +4) [demonic ancestry]
   181 | D:1      | Reached XP level 2. HP: 24/24 MP: 2/2
   192 | D:1      | Found Cosoip's Armour Boutique.
   316 | D:1      | Found Loahod's Jewellery Emporium.
   316 | D:1      | Found Picy's Armour Shop.
   318 | D:1      | Found Yhasch's Magic Scroll Boutique.
   452 | D:1      | Gained mutation: You have large cloven feet. [demonic
                  | ancestry]
   452 | D:1      | Reached XP level 3. HP: 29/29 MP: 3/3
  1126 | D:2      | Found Xel Sery's Antique Armour Shoppe.
  1473 | D:3      | Found an iron altar of Okawaru.
  1540 | D:3      | Found a hazy altar of Hepliaklqana.
  1543 | D:3      | Found a bloodstained altar of Trog.
  1546 | D:3      | Found an ancient bone altar of Kikubaaqudgha.
  2061 | D:4      | Gained mutation: You have a somewhat thin skeletal
                  | structure. (Dex +2, Stealth+) [demonic ancestry]
  2061 | D:4      | Reached XP level 4. HP: 32/35 MP: 4/4
  2140 | D:4      | Noticed a phantom
  2155 | D:4      | Killed a phantom
  2156 | D:4      | Reached skill level 4 in Axes
  2156 | D:4      | Gained mutation: A meltable icy envelope protects you from
                  | harm. (AC +4) [demonic ancestry]
  2156 | D:4      | Reached XP level 5. HP: 16/42 MP: 5/5
  2550 | D:4      | Found a burning altar of Makhleb.
  2658 | D:4      | Noticed a sky beast
  2677 | D:4      | Killed a sky beast
  2678 | D:4      | Reached skill level 5 in Axes
  2678 | D:4      | Reached XP level 6. HP: 39/49 MP: 6/6
  2841 | D:5      | Entered Level 5 of the Dungeon
  2933 | D:5      | Found a radiant altar of Vehumet.
  3052 | D:5      | Found Adoril's Weapon Shop.
  3140 | D:5      | You fall into a shaft and drop 2 floors!
  3277 | D:6      | Noticed Menkaure
  3277 | D:6      | Noticed an ice beast
  3294 | D:6      | Killed an ice beast
  3301 | D:6      | Slain by Menkaure

Illustrated notes

Levels and vault maps discovered:
D:1:      erik_arrival_blinker_ship, layout_basic, serial_shops, shop, shop,
          shop, shop
D:2:      layout_basic, serial_shops, nicolae_shop_statue_plus,
          chequers_serial_rivers_micro_d
D:3:      layout_basic, okawaru_metal_pillars_3,
          grunt_temple_overflow_cloverleaf, kennysheep_boxes
D:4:      layout_loops_cross, mainiacjoe_overflow_small_starburst
D:5:      layout_basic, vehumet_altar_wand_db, serial_shops,
          nicolae_stop_n_shop_2, gup_sewer_entry_pipe
D:6:      layout_cave_pools, mainiacjoe_overflow_cross_hatched,
          amcnicky_altar_gilded, serial_shops, shop_fountains,
          serial_gnoll_camp, gnoll_camp_mini_house, gnoll_camp_medium_01,
          gnoll_camp_medium_02, gnoll_camp_mini_basic, gnoll_camp_mini_hut,
          gnoll_camp_mini_shop, minmay_misc_feat_more_columns, abandoned_shop,
          uniq_menkaure
D:7:      layout_basic, minmay_temple_entry_crystal_x, serial_shops,
          nicolae_shop_real_fake_doors, hangedman_decor_riveting

Skill      XL: |  1  2  3  4  5 |
---------------+----------------+-----
Axes           | 3 4 5 |  5.3
Dodging        | 3 4 |  4.1
Fighting       | 4 |  4.5
Throwing       | |  0.8

Action                     |  1- 3 |  4- 6 || total
---------------------------+-------+-------++-------
  Melee: Hand axe          |   100 |   157 ||   257
         Kick              |    13 |    51 ||    64
  Throw: Boomerang         |       |    27 ||    27
         Dart              |       |     1 ||     1
    Use: Scroll            |     8 |     5 ||    13
         Potion            |     1 |     3 ||     4
 Armour: Leather armour    |     8 |    55 ||    63
         Robe              |     1 |       ||     1
  Dodge: Dodged            |    52 |    99 ||   151
  Block: Orb               |     7 |       ||     7
         Other             |       |    17 ||    17
